[Event "DVM U16 2019"]
[Site "Magedburg"]
[Date "2019.12.30"]
[Round "7"]
[White "Woelk, Tom-Frederic"]
[Black "Bethke, Richard"]
[Result "1/2-1/2"]
[ECO "D35"]
[WhiteElo "2245"]
[BlackElo "2332"]
[Annotator "ChessBase"]
[PlyCount "156"]
[EventDate "2019.12.27"]
[EventType "team-tourn"]
[EventRounds "7"]
[EventCountry "GER"]
[SourceTitle "playchess.com"]
[Source "ChessBase"]
[SourceQuality "1"]
[WhiteTeam "Hamburger SK"]
[BlackTeam "SF Neuberg"]
[WhiteTeamCountry "GER"]
[BlackTeamCountry "GER"]
[TimeControl "40/5400+30:1800+30"]

1. d4 d5 2. c4 e6 3. Nc3 Nf6 4. cxd5 exd5 5. Bg5 c6 6. e3 Be7 7. Bd3 Nbd7 8. Nge2 h6 9. Bh4 Nh5 10. Bxe7 Qxe7 11. Qc2 Nb6 12. O-O O-O 13. Rab1 a5 14. Na4 Nxa4 15. Qxa4 Bg4 16. Rfe1 Qg5 17. Ng3 Nxg3 18. hxg3 Bf5 19. Qc2 Bxd3 20. Qxd3 Rfe8 21. Re2 Re4 22. f3 Re6 23. Kf2 Rg6 24. g4 h5 25. Qf5 Qh4+ 26. Kg1 hxg4 27. fxg4 Qxg4 28. Qxg4 Rxg4 29. b4 axb4 30. Rxb4 b5 31. Rc2 Rg6 32. a4 bxa4 33. Ra2 Re8 34. Ra3 Re4 35. Rbxa4 Rg3 36. Ra6 Rexe3 37. Rxe3 Rxe3 38. Rxc6 Rd3 39. Kf2 Rxd4 40. Ke3 Re4+ 41. Kf3 Re6 42. Rc8+ Kh7 43. Rd8 Re5 44. Kf4 f6 45. g3 Kg6 46. Rd7 Kh6 47. Kg4 g5 48. Kf3 Rf5+ 49. Kg4 Kg6 50. Kh3 Re5 51. g4 Re3+ 52. Kg2 Re4 53. Kg3 d4 54. Kf3 Rf4+ 55. Kg3 f5 56. Rd6+ Kf7 57. gxf5 Ke7 58. Rd5 Kf6 59. Kg2 Re4 60. Kf3 Re3+ 61. Kf2 Rd3 62. Ke2 Re3+ 63. Kf2 Re4 64. Kf3 Rf4+ 65. Kg2 g4 66. Kg3 Re4 67. Kh4 Kf7 68. Kg3 Ke7 69. Kh4 Kf6 70. Ra5 Ke7 71. Rd5 Ke8 72. Kg3 Kf8 73. Kh4 Ke7 74. Kg3 Kf7 75. Kh4 Kf6 76. Ra5 Re5 77. Rxe5 Kxe5 78. Kxg4 d3 {[%emt 0:00:51] normal} 1/2-1/2

[Event "DVM U16 2019"]
[Site "Magedburg"]
[Date "2019.12.30"]
[Round "7"]
[White "Dietz, Florian"]
[Black "Rietschel, Tilo"]
[Result "1/2-1/2"]
[ECO "B78"]
[WhiteElo "2116"]
[BlackElo "2005"]
[Annotator "NA"]
[PlyCount "120"]
[EventDate "2019.12.27"]
[EventType "team-tourn"]
[EventRounds "7"]
[EventCountry "GER"]
[SourceTitle "playchess.com"]
[Source "ChessBase"]
[SourceQuality "1"]
[WhiteTeam "Reideburger SV 90 Halle"]
[BlackTeam "Lübecker SV"]
[WhiteTeamCountry "GER"]
[BlackTeamCountry "GER"]
[TimeControl "40/5400+30:1800+30"]

1. e4 c5 2. Nf3 d6 3. d4 cxd4 4. Nxd4 Nf6 5. Nc3 g6 6. Be3 Bg7 7. f3 O-O 8. Bc4 Nc6 9. Qd2 {[%emt 0:00:18] unterminated} Bd7 10. O-O-O Rc8 11. Bb3 Ne5 12. Kb1 {[%emt 0:00:27] unterminated} Nc4 13. Bxc4 $1 Rxc4 {[%emt 0:00:07] unterminated} 14. g4 {[%emt 0:03:21] unterminated} Qb8 {[%emt 0:07:29] unterminated} 15. h4 {[%emt 0:12:36] unterminated} b5 {[%emt 0:06:14] unterminated} 16. h5 {[%emt 0:05:24] unterminated} b4 {[%emt 0:02:59] unterminated} 17. Nd5 {[%emt 0:01:27] unterminated} Nxd5 {[%emt 0:05:20] unterminated} 18. exd5 {[%emt 0:00:12] unterminated} g5 {[%emt 0:13:51] unterminated} 19. h6 {[%emt 0:05:45] unterminated} Be5 {[%emt 0:10:34] unterminated} 20. Nb3 {[%emt 0:05:09] unterminated} f6 {[%emt 0:03:33] unterminated} 21. Na5 {[%emt 0:04:19] unterminated} Rc5 $2 {[%emt 0:08:27] unterminated} (21... Rcc8 $15 {keeps the upper hand.}) 22. Bxc5 dxc5 23. Nc6 {[%emt 0:01:08] unterminated} Bxc6 {[%emt 0:01:18] unterminated} 24. dxc6 Qd6 {[%emt 0:00:42] unterminated} 25. Qd5+ {[%emt 0:07:36] unterminated} Qxd5 26. Rxd5 Bd6 {[%emt 0:01:10] unterminated} 27. Rhd1 {[%emt 0:04:20] unterminated} Rc8 28. Rxd6 exd6 29. Rxd6 Kf7 {[%emt 0:00:44] unterminated} 30. Kc1 $2 (30. Rd7+ $18 {is more deadly.} Kg6 31. c7 (31. Rxa7 Rxc6 32. a4 bxa3 $16)) 30... Rc7 {[%emt 0:00:23] unterminated} 31. Kd2 {[%emt 0:18:10] unterminated} Ke7 32. Rd5 {[%emt 0:00:30] unterminated} Rxc6 {[%emt 0:02:38] [#]} 33. Kd3 $1 {[%emt 0:00:17] unterminated} c4+ {[%emt 0:01:53] unterminated} 34. Kd4 c3 $16 35. bxc3 Rxc3 36. Ra5 Kf7 37. Rxa7+ Kg6 38. Ke4 Rxc2 39. Ra6 Rc4+ 40. Ke3 Rf4 41. Rd6 Rc4 42. Rd4 Rc3+ 43. Ke4 Rc2 44. Rxb4 Rxa2 45. f4 gxf4 46. Kxf4 Rf2+ 47. Kg3 Rf1 48. Rb8 Ra1 49. Rb6 Kg5 50. Rb5+ Kxh6 51. Rh5+ Kg6 52. Kf4 Ra4+ 53. Kf3 Ra1 54. Kf4 Re1 55. Kf3 Re5 56. Rh1 {[%emt 0:00:13] normal} Ra5 57. Kf4 Ra3 {[%emt 0:01:14] normal} 58. Rh5 Ra1 59. Kf3 Ra3+ {[%emt 0:01:35] normal} 60. Kf4 Ra4+ {[%emt 0:00:13] normal Ke4} 1/2-1/2

[Event "DVM U16 2019"]
[Site "Magedburg"]
[Date "2019.12.30"]
[Round "7"]
[White "Bosselmann, Tom Linus"]
[Black "Post, Hugo"]
[Result "0-1"]
[ECO "B80"]
[WhiteElo "2077"]
[BlackElo "2181"]
[Annotator "NA"]
[PlyCount "96"]
[EventDate "2019.12.27"]
[EventType "team-tourn"]
[EventRounds "7"]
[EventCountry "GER"]
[SourceTitle "playchess.com"]
[Source "ChessBase"]
[SourceQuality "1"]
[WhiteTeam "Lübecker SV"]
[BlackTeam "Reideburger SV 90 Halle"]
[WhiteTeamCountry "GER"]
[BlackTeamCountry "GER"]
[TimeControl "40/5400+30:1800+30"]

1. e4 c5 2. Nf3 d6 3. d4 cxd4 4. Nxd4 Nf6 5. Nc3 e6 6. Be3 a6 7. f3 b5 {[%emt 0:01:06] unterminated} 8. Qd2 Nbd7 {[%emt 0:01:22] unterminated} 9. g4 {[%emt 0:03:45] unterminated} h6 10. O-O-O {[%emt 0:01:50] unterminated} b4 {[%emt 0:00:56] B80: Sicilian Scheveningen: 6 g3 and 6 Be3, including English Attack} 11. Nce2 {[%emt 0:04:17] unterminated} (11. Na4 Ne5 12. Kb1 Bd7 13. b3 Bxa4 14. bxa4 Qc7 15. Be2 Be7 16. h4 Nc4 17. Bxc4 Qxc4 18. Qd3 {1-0 (49) Caruana,F (2802)-Hou,Y (2652) chess.com INT 2017}) 11... Qc7 {[%emt 0:01:50] unterminated} 12. Kb1 {[%emt 0:04:34] unterminated} d5 {[%emt 0:05:54] unterminated} 13. Ng3 {[%emt 0:30:37] unterminated} Bb7 {[%emt 0:07:09] unterminated} 14. Bd3 {[%emt 0:05:28] unterminated} O-O-O $146 {[%emt 0:29:47] unterminated} ({Better is Predecessor:} 14... e5 $15 15. Nde2 (15. Ndf5 g6 16. Nxh6 d4 17. Bf2 Rxh6 {½-½ (60) Souza,L (2317)-Gonzalez Pereira,F (2396) ICCF email 2009}) 15... d4) 15. Qe2 Nc5 16. Nb3 {[%emt 0:00:49] unterminated} dxe4 {[%emt 0:04:22] unterminated} 17. Nxe4 {[%emt 0:09:16] unterminated} Ncxe4 (17... Nfxe4 $16 18. fxe4 (18. Bxe4 Nxe4 19. Rxd8+ Kxd8 $14) 18... Nxd3 19. cxd3 Kb8) 18. fxe4 {[%emt 0:00:23] unterminated} Nxe4 {[%emt 0:09:23] unterminated} 19. Bxe4 $2 (19. Bxa6 $18 {and the rest is easy.} Rd5 20. Rxd5 exd5 21. Bxb7+ Qxb7 22. Na5) 19... Bxe4 20. Qxa6+ Bb7 21. Rxd8+ Qxd8 22. Qc4+ Qc7 {[%emt 0:00:04] unterminated} 23. Qxc7+ Kxc7 24. Rf1 {[%emt 0:00:35] unterminated} f6 {[%emt 0:04:20] unterminated} 25. Nc5 Bd5 $15 26. h4 Bd6 27. Nd3 Kc6 28. b3 e5 29. Bd2 Kb5 30. Kb2 Be6 31. c4+ bxc3+ 32. Bxc3 Bxg4 33. a4+ Kb6 34. Rg1 h5 35. Nf2 Bc5 36. Be1 Rd8 37. Rg2 f5 38. b4 Be7 39. Nxg4 hxg4 40. Bc3 Bf6 41. Kc2 e4 42. Bxf6 gxf6 43. Kc3 e3 44. a5+ Kb5 45. a6 Kxa6 46. h5 f4 47. h6 f3 48. Ra2+ Kb7 {[%emt 0:00:35] normal Kd4} 0-1

[Event "DVM U16 2019"]
[Site "Magedburg"]
[Date "2019.12.30"]
[Round "7"]
[White "Bethke, Robert"]
[Black "Kotyk, Michael"]
[Result "1/2-1/2"]
[ECO "A37"]
[WhiteElo "2046"]
[BlackElo "2103"]
[Annotator "ChessBase"]
[PlyCount "53"]
[EventDate "2019.12.27"]
[EventType "team-tourn"]
[EventRounds "7"]
[EventCountry "GER"]
[SourceTitle "playchess.com"]
[Source "ChessBase"]
[SourceQuality "1"]
[WhiteTeam "SF Neuberg"]
[BlackTeam "Hamburger SK"]
[WhiteTeamCountry "GER"]
[BlackTeamCountry "GER"]
[TimeControl "40/5400+30:1800+30"]

1. c4 c5 2. Nc3 Nc6 3. g3 g6 4. Bg2 Bg7 5. Nf3 e5 6. d3 d6 7. a3 a5 8. Bd2 Nge7 9. Rb1 Rb8 10. e4 O-O 11. Nb5 f5 12. exf5 Bxf5 13. Be3 Nd4 14. Nbxd4 cxd4 15. Bg5 b5 16. Nh4 bxc4 17. Nxf5 Rxf5 18. Bxe7 Qxe7 19. Bd5+ Kh8 20. dxc4 e4 21. O-O e3 22. Qe2 exf2+ 23. Rxf2 Qe3 24. Qxe3 dxe3 25. Rxf5 gxf5 26. b4 e2 {normal} 27. Re1 {normal} 1/2-1/2

[Event "DVM U16 2019"]
[Site "Magedburg"]
[Date "2019.12.30"]
[Round "7"]
[White "Biermann, Florian"]
[Black "Haufe, Laurin"]
[Result "1/2-1/2"]
[ECO "B50"]
[WhiteElo "2044"]
[BlackElo "2022"]
[Annotator "NA"]
[PlyCount "81"]
[EventDate "2019.12.27"]
[EventType "team-tourn"]
[EventRounds "7"]
[EventCountry "GER"]
[SourceTitle "playchess.com"]
[Source "ChessBase"]
[SourceQuality "1"]
[WhiteTeam "SG Bochum"]
[BlackTeam "SG Leipzig"]
[WhiteTeamCountry "GER"]
[BlackTeamCountry "GER"]
[TimeControl "40/5400+30:1800+30"]

1. e4 c5 2. Nf3 d6 3. d3 g6 ({Predecessor:} 3... Nc6 4. g3 g6 5. Bg2 {1-0 (29) Kratochvil,K (2113)-Snorek,M (2155) Brno 2009}) 4. g3 Bg7 5. Bg2 Nc6 6. O-O e6 {[%emt 0:01:12] unterminated} 7. c3 Nge7 {[%emt 0:00:35] unterminated} 8. d4 cxd4 {[%emt 0:00:19] unterminated} 9. cxd4 {[%emt 0:00:08] unterminated} Qb6 {[%emt 0:03:44] unterminated} 10. d5 $146 {[%emt 0:02:47] A04: Unusual lines after 1 Nf3 and King's Indian Attack} (10. Nc3 O-O 11. Na4 Qa6 12. Re1 b5 13. Nc3 b4 14. Bf1 Qa5 15. Nb5 d5 16. e5 Ba6 17. a4 Bxb5 18. Bxb5 {0-1 (58) Dzierzak,R (2244)-Socko,M (2458) Katowice 2018}) 10... exd5 ({But not} 10... Bxb2 $2 11. Bxb2 Qxb2 12. dxc6 $16) 11. exd5 {[%emt 0:00:09] unterminated} Ne5 ({Don't blunder} 11... Bxb2 $2 12. Bxb2 Qxb2 13. Nbd2 $18) 12. Nxe5 {[%emt 0:00:46] unterminated} Bxe5 13. Nd2 {[%emt 0:00:11] unterminated} Qc7 {[%emt 0:03:20] unterminated} 14. Qe2 {[%emt 0:06:58] unterminated} O-O {[%emt 0:28:39] unterminated} 15. Nc4 {[%emt 0:03:03] unterminated} Bg7 {[%emt 0:05:42] unterminated} 16. Bf4 {[%emt 0:02:57] unterminated} Nf5 {[%emt 0:00:54] unterminated} 17. Rac1 {[%emt 0:02:01] unterminated} Qd8 {[%emt 0:00:36] unterminated} 18. Qd2 {[%emt 0:05:54] unterminated} b6 {[%emt 0:09:24] unterminated} 19. Rfe1 {[%emt 0:06:46] unterminated} Ba6 {[%emt 0:05:00] unterminated} 20. Qb4 Bxc4 {[%emt 0:02:32] unterminated} 21. Rxc4 {[%emt 0:01:05] unterminated} a5 {[%emt 0:10:15] unterminated} 22. Qd2 {[%emt 0:02:05] unterminated} Qf6 {[%emt 0:02:08] [#] unterminated} 23. Rc6 $2 (23. g4 $1 $18 {is the precise move to win.}) 23... Qxb2 24. Qxb2 Bxb2 25. Rxb6 {[%emt 0:01:18] unterminated} Bd4 {[%emt 0:01:04] unterminated} 26. Rc6 {[%emt 0:01:36] unterminated} Rab8 $16 ({Black should try} 26... Rfe8 $14 27. Rxe8+ Rxe8) 27. Be4 Rb2 28. Rc2 Re8 29. Rxb2 Bxb2 30. Rb1 Rxe4 31. Rxb2 Rd4 32. Rd2 Rc4 33. Kf1 Kg7 34. Ke2 Kf6 35. Kd3 Rc5 36. Ke2 g5 37. Be3 Nxe3 38. Kxe3 Ke5 39. f4+ gxf4+ 40. gxf4+ Kf5 41. Rg2 {[%emt 0:31:16] normal Ke5 Ke4+} 1/2-1/2

[Event "DVM U16 2019"]
[Site "Magedburg"]
[Date "2019.12.30"]
[Round "7"]
[White "Lohvinov, Petro"]
[Black "Pahl, Theis"]
[Result "1/2-1/2"]
[ECO "B90"]
[WhiteElo "2032"]
[BlackElo "2022"]
[Annotator "NA"]
[PlyCount "86"]
[EventDate "2019.12.27"]
[EventType "team-tourn"]
[EventRounds "7"]
[EventCountry "GER"]
[SourceTitle "playchess.com"]
[Source "ChessBase"]
[SourceQuality "1"]
[WhiteTeam "SK München Südost"]
[BlackTeam "Delmenhorster SK"]
[WhiteTeamCountry "UKR"]
[BlackTeamCountry "GER"]
[TimeControl "40/5400+30:1800+30"]

1. e4 c5 2. Nf3 d6 3. d4 cxd4 4. Nxd4 Nf6 5. Nc3 a6 6. Be3 e5 7. Nb3 Be6 8. f3 h5 9. Qd2 Nbd7 10. Nd5 {B90: Sicilian Najdorf: Unusual White 6th moves, 6 Be3 Ng4 and 6 Be3 e5} (10. O-O-O Be7 11. Bg5 b5 12. h4 Rc8 13. Kb1 O-O 14. a3 Re8 15. Be2 Qb6 16. Rhg1 Bf8 17. Nc1 Rc7 18. N1a2 Rec8 {0-1 (36) Inarkiev,E (2693)-Vidit,S (2707) Danzhou 2019}) 10... Bxd5 11. exd5 g6 {unterminated} 12. O-O-O {unterminated} Nb6 {unterminated} 13. Kb1 {unterminated} Qc7 {unterminated} 14. Qa5 {unterminated} Rc8 {unterminated} 15. c3 $146 {unterminated} ({Predecessor:} 15. Bxa6 Nfxd5 16. Bb5+ Ke7 17. Bxb6 Nxb6 {½-½ (49) Firsching,G (2482)-Fleury,F (2347) Remote email 2014}) 15... Nfd7 {unterminated} 16. f4 {unterminated} Nc4 {unterminated} 17. Qxc7 {unterminated} Rxc7 18. Bxc4 Rxc4 {unterminated} 19. fxe5 {unterminated} Nxe5 20. Bd4 {unterminated} Bg7 21. Nd2 {unterminated} Rc7 {unterminated} 22. Ne4 {unterminated} Ke7 {unterminated} 23. Rhe1 {unterminated} f5 24. Ng5 {unterminated} Kf6 {unterminated} 25. Ne6 {unterminated} Re7 {unterminated} 26. Bb6 {unterminated} Rd7 {unterminated} 27. Re2 {unterminated} Kf7 {unterminated} 28. Nxg7 {unterminated} Kxg7 29. Bd4 {unterminated} Kf6 {unterminated} 30. Rde1 Re8 31. c4 {unterminated} Rc8 {unterminated} 32. c5 {unterminated} Kg5 {unterminated} 33. cxd6 {unterminated} Nc4 {unterminated} 34. Re7 $17 (34. Re6 $16 Rxd6 35. Bf6+ Kh6 36. Rd1) 34... Rxd6 35. Rxb7 Rxd5 36. Bc3 Na3+ 37. Kc1 Nb5 38. Rb6 Nxc3 39. bxc3 Rxc3+ 40. Kb2 Rdc5 41. Ree6 Rc2+ 42. Kb1 Rc1+ 43. Kb2 R1c2+ {normal} 1/2-1/2

[Event "DVM U16 2019"]
[Site "Magedburg"]
[Date "2019.12.30"]
[Round "7"]
[White "Pahl, Erik"]
[Black "Huber, Benedikt"]
[Result "1-0"]
[ECO "B42"]
[WhiteElo "2030"]
[BlackElo "2133"]
[Annotator "ChessBase"]
[PlyCount "87"]
[EventDate "2019.12.27"]
[EventType "team-tourn"]
[EventRounds "7"]
[EventCountry "GER"]
[SourceTitle "playchess.com"]
[Source "ChessBase"]
[SourceQuality "1"]
[WhiteTeam "Delmenhorster SK"]
[BlackTeam "SK München Südost"]
[WhiteTeamCountry "GER"]
[BlackTeamCountry "GER"]
[TimeControl "40/5400+30:1800+30"]

1. e4 c5 2. Nf3 e6 3. d4 cxd4 4. Nxd4 a6 5. Bd3 Qc7 6. O-O Nc6 7. Nxc6 bxc6 8. c4 Nf6 9. Qe2 d5 10. e5 Nd7 11. Bf4 Be7 12. Nc3 Bb7 13. Rad1 Nb6 14. Rfe1 Bb4 15. Bd2 O-O 16. Nxd5 exd5 17. Bxb4 c5 18. Ba5 dxc4 19. Bxb6 cxd3 20. Bxc7 dxe2 21. Rxe2 Rac8 22. Bd6 Rfe8 23. Rc2 c4 24. Rd4 Rc6 25. Rcxc4 Rxc4 26. Rxc4 Rc8 27. Rxc8+ Bxc8 28. f4 f6 29. Kf2 Kf7 30. Ke3 Ke6 31. Kd4 Bd7 32. g3 Bb5 33. b3 Be2 34. Kc5 h5 35. b4 Bb5 36. a3 f5 37. Bb8 g6 38. Bd6 Bd3 39. a4 Be2 40. b5 axb5 41. axb5 Bd3 42. Kc6 Be4+ 43. Kc7 g5 44. b6 {[%emt 0:00:26] normal} 1-0

[Event "DVM U16 2019"]
[Site "Magedburg"]
[Date "2019.12.30"]
[Round "7"]
[White "Hundrieser, Malte"]
[Black "Bornholdt, Joa Max"]
[Result "0-1"]
[ECO "C25"]
[WhiteElo "2003"]
[BlackElo "1890"]
[Annotator "NA"]
[PlyCount "62"]
[EventDate "2019.12.27"]
[EventType "team-tourn"]
[EventRounds "7"]
[EventCountry "GER"]
[SourceTitle "playchess.com"]
[Source "ChessBase"]
[SourceQuality "1"]
[WhiteTeam "Reideburger SV 90 Halle"]
[BlackTeam "Lübecker SV"]
[WhiteTeamCountry "GER"]
[BlackTeamCountry "GER"]
[TimeControl "40/5400+30:1800+30"]

1. e4 e5 2. Nc3 Nc6 3. g3 Bc5 4. Bg2 d6 5. Nge2 {[%emt 0:00:47] unterminated} Be6 (5... a6 6. Nd5 Nge7 7. c3 Nxd5 8. exd5 Ne7 9. d4 Ba7 10. O-O O-O 11. dxe5 dxe5 12. c4 Nf5 13. b3 {0-1 (49) Mamedyarov,S (2764)-Carlsen,M (2882) Saint Louis 2019}) 6. O-O {[%emt 0:00:39] C25: Vienna Game: Alternatives to 2...Nf6} Qd7 {[%emt 0:00:36] unterminated} (6... h5 $11) 7. Nd5 {[%emt 0:01:42] unterminated} Nce7 {[%emt 0:03:57] unterminated} (7... f5 $11) 8. d4 {[%emt 0:05:38] unterminated} exd4 9. Nxd4 {[%emt 0:00:33] unterminated} Bxd5 10. exd5 {[%emt 0:00:29] unterminated} Nf6 {[%emt 0:00:25] unterminated} 11. c4 $146 {[%emt 0:01:07] unterminated} ({Predecessor:} 11. Bg5 O-O-O 12. c4 Rde8 13. Qd2 {½-½ (37) Van der Heijden-Bootsma,H Hengelo 1995}) 11... Qg4 {[%emt 0:07:36] unterminated} 12. Be3 {[%emt 0:07:30] unterminated} Qxd1 {[%emt 0:03:27] unterminated} 13. Raxd1 {[%emt 0:00:48] unterminated} Ng4 {[%emt 0:15:36] unterminated} 14. Bc1 {[%emt 0:05:27] unterminated} Ne5 {[%emt 0:08:34] unterminated} 15. b3 {[%emt 0:01:47] unterminated} O-O {[%emt 0:04:16] unterminated} 16. Nc2 {[%emt 0:04:55] unterminated} a5 {[%emt 0:03:05] unterminated} 17. Be3 {[%emt 0:01:40] unterminated} Bxe3 18. Nxe3 {[%emt 0:00:30] unterminated} Rfe8 {[%emt 0:05:49] unterminated} 19. Rfe1 {[%emt 0:03:41] unterminated} Nd7 {[%emt 0:06:30] unterminated} 20. g4 {[%emt 0:08:15] unterminated} (20. Nc2 $14) 20... Ng6 {[%emt 0:03:29] unterminated} 21. Rd4 {[%emt 0:09:42] unterminated} (21. Nf5 $11) 21... Nde5 {[%emt 0:03:09] unterminated} 22. f3 {[%emt 0:02:20] unterminated} Nf4 {[%emt 0:02:33] unterminated} 23. Re4 Ned3 $19 24. Rd1 a4 25. Bf1 Rxe4 26. fxe4 Nc5 27. b4 Nxe4 28. Rd4 Re8 29. Nc2 Ng6 30. Kg2 Nh4+ 31. Kh3 Nf3 {[%emt 0:00:31] normal} 0-1

[Event "DVM U16 2019"]
[Site "Magedburg"]
[Date "2019.12.30"]
[Round "7"]
[White "Prieb, Robert"]
[Black "Schaefer, Konstantin"]
[Result "1/2-1/2"]
[ECO "A57"]
[WhiteElo "1963"]
[BlackElo "1766"]
[Annotator "NA"]
[PlyCount "136"]
[EventDate "2019.12.27"]
[EventType "team-tourn"]
[EventRounds "7"]
[EventCountry "GER"]
[SourceTitle "playchess.com"]
[Source "ChessBase"]
[SourceQuality "1"]
[WhiteTeam "SG Bochum"]
[BlackTeam "SG Leipzig"]
[WhiteTeamCountry "GER"]
[BlackTeamCountry "GER"]
[TimeControl "40/5400+30:1800+30"]

1. d4 Nf6 2. c4 c5 3. d5 b5 4. Nd2 {[%emt 0:00:11] unterminated} e6 {[%emt 0:21:29] unterminated} 5. dxe6 fxe6 {[%emt 0:00:14] unterminated} 6. e3 {[%emt 0:02:06] unterminated} (6. e4 $11 bxc4 7. e5 (7. Bxc4 Nc6 $11) (7. Nxc4 d5 $11)) 6... bxc4 {[%emt 0:02:58] unterminated} 7. Bxc4 d5 {[%emt 0:00:14] unterminated} 8. Be2 Be7 {[%emt 0:01:59] unterminated} 9. Ngf3 {[%emt 0:01:16] unterminated} O-O {[%emt 0:01:18] unterminated} 10. O-O {[%emt 0:01:36] unterminated} Nc6 {[%emt 0:01:15] unterminated} 11. b3 {[%emt 0:03:51] unterminated} Qa5 {[%emt 0:14:29] unterminated} 12. Bb2 {[%emt 0:02:55] unterminated} Bd7 {[%emt 0:21:54] unterminated} 13. Ne5 Nxe5 14. Bxe5 {[%emt 0:00:05] unterminated} Qb6 {[%emt 0:02:44] unterminated} 15. Qc2 {[%emt 0:02:25] unterminated} Bb5 {[%emt 0:02:10] unterminated} 16. Bxb5 Qxb5 {[%emt 0:00:04] unterminated} 17. Rfd1 {[%emt 0:01:38] unterminated} Ng4 {[%emt 0:01:33] unterminated} 18. Bg3 {[%emt 0:01:15] unterminated} Bf6 {[%emt 0:09:00] unterminated} 19. Rac1 $14 Rfc8 20. Nf3 Nh6 21. Bd6 Rc6 22. Bxc5 Rac8 23. b4 Qxb4 24. Bxb4 Rxc2 25. Rxc2 Rxc2 26. a4 Ra2 27. a5 Nf7 28. Rc1 Ra1 29. Rxa1 Bxa1 30. a6 Nd8 31. Bc5 Nc6 32. Ng5 e5 33. Ne6 d4 34. Nc7 d3 35. Kf1 Bc3 36. Nb5 Bb4 37. Bxb4 Nxb4 38. Nxa7 Nxa6 39. Nc6 e4 40. f3 Nc5 41. Ke1 Kf7 42. fxe4 Nxe4 43. Ne5+ Ke6 44. Nxd3 g5 45. Ke2 Kf5 46. Nf2 Nc5 47. Kf3 h5 48. e4+ Ke5 49. Ke3 Ne6 50. Nd3+ Kf6 51. g3 Kg6 52. Ne5+ Kf6 53. Nf3 Kg6 54. Nd4 Nc5 55. e5 Kf7 56. Nf3 Ke6 57. Kd4 Nb3+ 58. Kc3 Na5 59. Kd4 Nb3+ 60. Ke3 Nc5 61. Nxg5+ Kxe5 62. Kf3 Kf5 63. Nf7 Ke6 64. Ng5+ Kf5 65. Nh3 Nd7 66. Nf2 Ne5+ 67. Kg2 Nf7 68. h3 Ne5 {[%emt 0:01:30] normal} 1/2-1/2

[Event "DVM U16 2019"]
[Site "Magedburg"]
[Date "2019.12.30"]
[Round "7"]
[White "Grabbel, Lennart Christian"]
[Black "Baranyai-Molnar, Adam-Kristof"]
[Result "1-0"]
[ECO "D08"]
[WhiteElo "1849"]
[BlackElo "1756"]
[Annotator "NA"]
[PlyCount "73"]
[EventDate "2019.12.27"]
[EventType "team-tourn"]
[EventRounds "7"]
[EventCountry "GER"]
[SourceTitle "playchess.com"]
[Source "ChessBase"]
[SourceQuality "1"]
[WhiteTeam "Hamburger SK"]
[BlackTeam "SF Neuberg"]
[WhiteTeamCountry "GER"]
[TimeControl "40/5400+30:1800+30"]

1. d4 d5 2. c4 e5 3. dxe5 d4 4. Nf3 Nc6 5. a3 Nge7 6. e3 Bg4 {[%emt 0:01:11] D07: Queen's Gambit: Chigorin Defence} (6... Nf5 7. exd4 Nfxd4 8. Nxd4 Qxd4 9. Nc3 Be6 10. Be3 Qxe5 11. Be2 Rd8 12. Qa4 a6 13. O-O Bd6 14. g3 {1-0 (42) Bocharov,D (2611)-Morozevich,A (2683) Sochi 2016}) 7. Be2 {[%emt 0:01:45] unterminated} Bxf3 8. Bxf3 Nxe5 (8... dxe3 $11 {keeps the balance.} 9. Qxd8+ Rxd8) 9. Bxb7 Rb8 10. exd4 Rxb7 $146 ({Predecessor:} 10... Nxc4 11. Qa4+ Qd7 12. Qxc4 Rxb7 13. O-O g6 14. b4 {½-½ (55) Fridgeirsson,D (1787)-Schioth,T Reykjavik 2009}) 11. dxe5 Qxd1+ 12. Kxd1 Nc6 {[%emt 0:00:51] unterminated} 13. Re1 Bc5 {[%emt 0:00:14] unterminated} 14. f4 {[%emt 0:00:42] unterminated} a5 {[%emt 0:00:57] unterminated} 15. Nc3 O-O {[%emt 0:00:20] unterminated} 16. Ne2 {[%emt 0:03:02] unterminated} (16. Rb1 $142) 16... a4 ({Better is} 16... f6 $14) 17. Kc2 {[%emt 0:01:16] unterminated} Na5 {[%emt 0:01:09] unterminated} 18. Nc3 {[%emt 0:02:14] unterminated} Bd4 $2 (18... Nb3 $16 19. Ra2 Ra8) 19. Nxa4 {[%emt 0:01:33] unterminated} Nxc4 20. Nc3 {[%emt 0:00:09] unterminated} c5 {[%emt 0:00:40] unterminated} 21. Ra2 {[%emt 0:20:39] unterminated} Rfb8 22. Re4 {[%emt 0:00:43] unterminated} Rb3 {[%emt 0:11:50] unterminated} 23. Ne2 {[%emt 0:05:25] unterminated} Na5 24. Nxd4 cxd4 25. Rxd4 R3b6 {[%emt 0:00:05] unterminated} 26. Bd2 Rc8+ $18 27. Bc3 Rh6 28. h3 Nc4 29. Kd3 Nb6 30. a4 Rg6 31. a5 Rg3+ 32. Ke2 Nc4 33. Kf2 Rg6 34. Be1 Ra6 35. b3 Nb6 36. Rd6 Rca8 37. Rad2 {[%emt 0:00:39] normal} 1-0